[Event "Titled Tuesday Blitz August 08 Early 2023"]
[White "UgarteCesar"]
[Black "Novikova, Margarita"]
[BlackFideId "14109689"]
[WhiteElo "2291"]
[BlackElo "2112"]
[Result "1-0"]
[Round "6"]
[TimeControl "180+1"]
[Date "2023.08.08"]
[WhiteClock "0:00:22"]
[BlackClock "0:00:01"]
[Board "215"]

1. d4 Nf6 2. Bg5 g6 3. Bxf6 exf6 4. g3 f5 5. Bg2 Bg7 6. e3 O-O 7. Ne2 d6 8. O-O Nc6 9. Nd2 Ne7 10. c4 c6 11. Nc3 g5 12. f4 g4 13. Re1 d5 14. cxd5 cxd5 15. Qb3 Be6 16. Rec1 Qd7 17. Na4 b6 18. Nc3 Rac8 19. a4 Rc7 20. Nb5 Rc6 21. Rxc6 Nxc6 22. Rc1 Na5 23. Qb4 Rc8 24. Rc3 Bf8 25. Rxc8 Qxc8 26. Qc3 Qd7 27. Qc7 a6 28. Qxb6 axb5 29. Qxa5 bxa4 30. Nb1 Qc8 31. Nc3 Qc4 32. Bxd5 Qd3 33. Kf2 Qd2+ 34. Ne2 Qxb2 35. Bxe6 fxe6 36. d5 Qa2 37. dxe6 Qxe6 38. Qxa4 Qd5 39. Qe8 Qf3+ 40. Ke1 Qh1+ 41. Kd2 Qxh2 42. Qe6+ Kg7 43. Qxf5 h5 44. Kd3 Qh1 45. Qg5+ Kh7 46. Nd4 Qb1+ 47. Kc4 Qa2+ 48. Kd3 Qa3+ 49. Ke2 Qb2+ 50. Kd3 Qa3+ 51. Ke4 Qe7+ 52. Qxe7+ Bxe7 53. Kf5 Kh6 54. e4 Bb4 55. e5 Kg7 56. Ne6+ Kf7 57. Ng5+ Kg7 58. Ne4 Be1 59. Kg5 h4 60. Kxh4 Kg6 61. Kxg4 Bc3 62. Kf3 Bb4 63. g4 Ba3 64. f5+ Kg7 65. Kf4 Kf7 66. g5 Kg7 67. e6 Kf8 68. f6 Ke8 69. Kf5 Kf8 70. g6 Kg8 71. Ng5 Kh8 72. Nf7+ Kg8 73. Ne5 Kf8 74. Nd7+ Ke8 75. g7 Bf8 76. gxf8=Q# 1-0


[Site "https://www.chess.com"]

[Event "Titled Tuesday Blitz August 08 Early 2023"]
[White "Fajdetic, Hrvoje"]
[Black "Maluco_do_Natal_00"]
[WhiteFideId "14501945"]
[WhiteElo "2290"]
[BlackElo "2071"]
[Result "1-0"]
[Round "6"]
[TimeControl "180+1"]
[Date "2023.08.08"]
[WhiteClock "0:00:42"]
[BlackClock "0:00:05"]
[Board "216"]

1. b3 e5 2. Bb2 Nc6 3. g3 Nf6 4. Bg2 Bc5 5. e3 d6 6. Ne2 O-O 7. d4 exd4 8. exd4 Bb6 9. O-O Bg4 10. f3 Bh5 11. c3 Re8 12. Nf4 Bg6 13. Nxg6 hxg6 14. Nd2 Ne5 15. Qc2 d5 16. a4 a5 17. Rae1 Ned7 18. Kh1 c5 19. Qd3 Qc7 20. Ba3 Rac8 21. Rxe8+ Rxe8 22. Bh3 cxd4 23. cxd4 Ba7 24. Rc1 Qb8 25. Qb5 Nf8 26. Bc5 Bxc5 27. dxc5 Re2 28. Qxe2 Ne6 29. Bxe6 fxe6 30. Qxe6+ 1-0


[Site "https://www.chess.com"]

[Event "Titled Tuesday Blitz August 08 Early 2023"]
[White "Mangialardo, Tiago Carvalho"]
[Black "Konenkin, Dmitry"]
[WhiteFideId "2130718"]
[BlackFideId "4185781"]
[WhiteElo "2071"]
[BlackElo "2281"]
[Result "0-1"]
[Round "6"]
[TimeControl "180+1"]
[Date "2023.08.08"]
[WhiteClock "0:00:06"]
[BlackClock "0:00:36"]
[Board "217"]

1. e4 d6 2. d4 Nf6 3. Nd2 e5 4. c3 Be7 5. Bd3 O-O 6. Ne2 c6 7. O-O Re8 8. f4 Bf8 9. Ng3 Qb6 10. Nc4 Qc7 11. fxe5 dxe5 12. dxe5 Ng4 13. Bf4 Bc5+ 14. Kh1 Nf2+ 15. Rxf2 Bxf2 16. Qf3 Bxg3 17. Bxg3 Be6 18. Nd6 Rf8 19. Bc4 Nd7 20. Bxe6 fxe6 21. Qg4 Nc5 22. b4 Nd3 23. Qxe6+ Kh8 24. Qc4 Nf2+ 25. Kg1 Qb6 26. Nf7+ Rxf7 27. Qxf7 Nxe4+ 28. Kh1 Qe3 29. Bf4 Nf2+ 30. Kg1 Nh3+ 31. Kh1 Qg1+ 32. Rxg1 Nf2# 0-1


[Site "https://www.chess.com"]

[Event "Titled Tuesday Blitz August 08 Early 2023"]
[White "GAO"]
[Black "Wisniowski, Natalie"]
[BlackFideId "30929261"]
[WhiteElo "2275"]
[BlackElo "2020"]
[Result "1-0"]
[Round "6"]
[TimeControl "180+1"]
[Date "2023.08.08"]
[WhiteClock "0:01:33"]
[BlackClock "0:00:00"]
[Board "218"]

1. a3 d5 2. Nf3 Nf6 3. c4 e6 4. g3 c5 5. cxd5 exd5 6. d4 Nc6 7. Bg2 Be6 8. O-O cxd4 9. Nxd4 Bc5 10. Nc2 O-O 11. b4 Bd6 12. Bb2 Be5 13. Bxe5 Nxe5 14. Nd4 Rc8 15. Nd2 Nc4 16. Nxc4 Rxc4 17. Rc1 Qc7 18. e3 Rc8 19. Rxc4 dxc4 20. Nxe6 fxe6 21. Qc2 c3 22. Bh3 Qc4 23. Rc1 Kf7 24. Bf1 Qe4 25. Qb3 Qe5 26. Bc4 a6 27. Rxc3 Rd8 28. Rd3 Rxd3 29. Bxd3 Nd5 30. Be2 Nc3 31. Bf3 Ne4 32. Kg2 Nd2 33. Qd1 Nxf3 34. Qxf3+ Ke7 35. Qxb7+ Kf6 36. Qf3+ Ke7 37. h4 Qc3 38. Qb7+ Kf6 39. Qxa6 Qd3 40. Qa8 Qd2 41. b5 Qd3 42. a4 Qc4 43. Qf3+ Ke7 44. Qb7+ Kf6 45. a5 Qc5 46. a6 Qa3 47. a7 Qc5 48. b6 Qb5 49. a8=Q Qb4 50. Qf3+ 1-0


[Site "https://www.chess.com"]

[Event "Titled Tuesday Blitz August 08 Early 2023"]
[White "McLaren, Brian"]
[Black "sasvathaa"]
[WhiteFideId "2604612"]
[WhiteElo "2274"]
[BlackElo "2010"]
[Result "1-0"]
[Round "6"]
[TimeControl "180+1"]
[Date "2023.08.08"]
[WhiteClock "0:00:52"]
[BlackClock "0:01:05"]
[Board "219"]

1. g3 d5 2. Bg2 Bf5 3. Nf3 e6 4. b3 Nf6 5. Bb2 h6 6. d3 Be7 7. Nbd2 O-O 8. O-O c6 9. Re1 Bh7 10. e4 dxe4 11. dxe4 a5 12. Qe2 a4 13. e5 Nd5 14. Ne4 a3 15. Bc1 Nd7 16. Rd1 Bxe4 17. Qxe4 Nc3 18. Qe1 Nxd1 19. Qxd1 Qc7 20. Qe2 Ra5 21. Bd2 Rd5 22. Bc3 b5 23. Re1 b4 24. Bd2 Rb5 25. c4 bxc3 26. Bxc3 Rbb8 27. h4 Nb6 28. Nd4 Nd5 29. Bd2 c5 30. Rc1 Qb6 31. Nf5 exf5 32. Bxd5 Rbd8 33. Bc4 Rd4 34. Bc3 Re4 35. Qf3 g6 36. h5 Bg5 37. Rd1 Kh7 38. hxg6+ fxg6 39. Rd7+ Kh8 40. e6+ Kg8 41. e7+ Re6 42. exf8=Q+ Kxf8 43. Bxe6 Qxe6 44. Qd5 Qe2 45. Qf7# 1-0


[Site "https://www.chess.com"]

[Event "Titled Tuesday Blitz August 08 Early 2023"]
[White "Ruge, Edison"]
[Black "Saim, Mohamed Ilias"]
[WhiteFideId "4401000"]
[BlackFideId "7900465"]
[WhiteElo "2260"]
[BlackElo "1989"]
[Result "1-0"]
[Round "6"]
[TimeControl "180+1"]
[Date "2023.08.08"]
[WhiteClock "0:01:23"]
[BlackClock "0:00:08"]
[Board "220"]

1. e4 c6 2. d3 d5 3. Nd2 e5 4. Ngf3 Bd6 5. g3 Nf6 6. Bg2 O-O 7. O-O Re8 8. h3 Nbd7 9. Re1 Nf8 10. c4 Ng6 11. b3 h6 12. Bb2 Qc7 13. Rc1 Qa5 14. a4 Rb8 15. Bc3 Qc7 16. cxd5 cxd5 17. Bxe5 Bxe5 18. Rxc7 Bxc7 19. exd5 Rxe1+ 20. Nxe1 Bd7 21. Nc4 Re8 22. d6 Bb8 23. Nf3 a6 24. a5 Bb5 25. d4 Bxc4 26. bxc4 Bxd6 27. c5 Bb8 28. d5 Ne5 29. Nxe5 Bxe5 30. d6 Nd7 31. Qd5 Bc3 32. Qxb7 Nxc5 33. Qc6 Re1+ 34. Kh2 Bxa5 35. Qxc5 Bd2 36. Qc8+ Kh7 37. Qc2+ 1-0


[Site "https://www.chess.com"]

[Event "Titled Tuesday Blitz August 08 Early 2023"]
[White "cthake"]
[Black "Mirzanurov, Bulat"]
[BlackFideId "4184521"]
[WhiteElo "1825"]
[BlackElo "2169"]
[Result "0-1"]
[Round "6"]
[TimeControl "180+1"]
[Date "2023.08.08"]
[WhiteClock "0:01:54"]
[BlackClock "0:02:25"]
[Board "221"]

1. e4 c5 2. Nf3 d6 3. d4 cxd4 4. Nxd4 Nf6 5. Nc3 a6 6. Be3 e5 7. Nf3 h6 8. Bc4 Be6 9. Bxe6 fxe6 10. O-O Be7 11. a4 O-O 12. a5 Nc6 13. Bb6 Qe8 14. h3 Nh5 15. Nxe5 Nxe5 16. f4 Nxf4 17. Qd2 Nfg6 18. Rad1 Qc6 19. Rxf8+ Rxf8 20. Bd4 Bg5 21. Qe2 Nf4 22. Qe1 Nxh3+ 23. Kh2 Nf4 24. Bxe5 dxe5 25. Rd3 Nxd3 0-1


[Site "https://www.chess.com"]

[Event "Titled Tuesday Blitz August 08 Early 2023"]
[White "Verony64"]
[Black "Thiel, Thomas"]
[BlackFideId "4615964"]
[WhiteElo "1857"]
[BlackElo "2209"]
[Result "1-0"]
[Round "6"]
[TimeControl "180+1"]
[Date "2023.08.08"]
[WhiteClock "0:00:12"]
[BlackClock "0:00:00"]
[Board "222"]

1. d4 d5 2. c4 dxc4 3. e3 e5 4. Bxc4 Nc6 5. Nf3 e4 6. Nfd2 Qg5 7. Rg1 f5 8. Qb3 Nh6 9. Nc3 Bd6 10. g3 Qh5 11. h4 Nf7 12. Nb5 O-O 13. Nxd6 cxd6 14. Be2 Qg6 15. Nc4 Kh8 16. Bd2 d5 17. Na3 Rb8 18. Qxd5 Be6 19. Qb5 a6 20. Qb6 Nd6 21. b3 Nc8 22. Qc5 Rd8 23. Rc1 Bd5 24. g4 f4 25. exf4 Qf6 26. Be3 Qxh4 27. Kd2 b6 28. Qc3 Qe7 29. Qb2 Qb4+ 30. Kd1 N8e7 31. Nc4 Bg8 32. a3 Qb5 33. Ne5 Qd5 34. Bc4 Qd6 35. Bxg8 1-0


[Site "https://www.chess.com"]

[Event "Titled Tuesday Blitz August 08 Early 2023"]
[White "Petersson, Kjell"]
[Black "Osiecki, Stanislaw"]
[WhiteFideId "1705148"]
[BlackFideId "1102990"]
[WhiteElo "2192"]
[BlackElo "2008"]
[Result "1-0"]
[Round "6"]
[TimeControl "180+1"]
[Date "2023.08.08"]
[WhiteClock "0:00:03"]
[BlackClock "0:00:00"]
[Board "223"]

1. d4 Nf6 2. Bf4 e6 3. e3 d5 4. Nf3 Bd6 5. Bg3 Bxg3 6. hxg3 O-O 7. Bd3 h6 8. g4 Ne4 9. Nbd2 f5 10. gxf5 exf5 11. c4 c6 12. Qb3 Nxd2 13. Nxd2 Qb6 14. Qc2 Na6 15. a3 Be6 16. c5 Qd8 17. Nf3 Nc7 18. O-O-O Qf6 19. Ne5 Rac8 20. Rdg1 b6 21. g4 bxc5 22. Qxc5 Ne8 23. gxf5 Bxf5 24. Bxf5 Qxf5 25. f4 Qe4 26. Rh3 Rc7 27. Rhg3 Qf5 28. Rg6 Nf6 29. Rxh6 Qe4 30. Rh3 Re8 31. Rhg3 1-0


[Site "https://www.chess.com"]

[Event "Titled Tuesday Blitz August 08 Early 2023"]
[White "Skiadopoulos, Nikolaos"]
[Black "Pumpkin_in_moonlight"]
[WhiteFideId "4200772"]
[WhiteElo "1882"]
[BlackElo "2144"]
[Result "0-1"]
[Round "6"]
[TimeControl "180+1"]
[Date "2023.08.08"]
[WhiteClock "0:00:47"]
[BlackClock "0:01:38"]
[Board "224"]

1. e4 c5 2. b4 d6 3. bxc5 dxc5 4. Nf3 Nc6 5. Bb5 Qc7 6. O-O Bg4 7. h3 Bh5 8. g4 Bg6 9. Nc3 e6 10. Re1 Bd6 11. Nd5 Qa5 12. c4 Ne7 13. Nxe7 Bxe7 14. Ne5 Qc7 15. d4 O-O 16. Nxg6 fxg6 17. d5 Nd4 18. Re3 Bh4 19. f3 Qg3+ 0-1


[Site "https://www.chess.com"]

[Event "Titled Tuesday Blitz August 08 Early 2023"]
[White "Stangl, Anita, Dr."]
[Black "LLariMarc"]
[WhiteFideId "4608801"]
[WhiteElo "2122"]
[BlackElo "2298"]
[Result "0-1"]
[Round "6"]
[TimeControl "180+1"]
[Date "2023.08.08"]
[WhiteClock "0:00:08"]
[BlackClock "0:02:59"]
[Board "225"]

1. e4 e6 2. Nf3 d5 3. Nc3 Nf6 4. e5 Nfd7 5. d4 c5 6. Bb5 Nc6 7. O-O Qb6 8. Bxc6 bxc6 9. dxc5 Nxc5 10. Qd4 Ba6 11. Re1 Nd7 12. Qg4 c5 13. b3 Qb4 14. Qxb4 cxb4 15. Ne2 Rc8 16. Ned4 Nc5 17. a3 bxa3 18. Bxa3 Bb7 19. Nb5 a6 20. Nd6+ Bxd6 21. exd6 Ne4 22. Nd4 Kd7 23. f3 Nxd6 24. Ra2 Rc7 25. g4 Rhc8 26. Re5 Nb5 27. Nxb5 axb5 28. c4 bxc4 29. bxc4 Rxc4 30. Rb2 Rc1+ 31. Kg2 R8c2+ 32. Rxc2 Rxc2+ 33. Kg3 d4 34. Rb5 Bxf3 35. Kxf3 Rc3+ 36. Ke4 Rxa3 37. Kxd4 Ke7 38. g5 Rh3 39. Rb6 Rxh2 40. Rb7+ Ke8 41. Ke5 Re2+ 42. Kd6 Rd2+ 43. Ke5 Rd7 44. Rb8+ Ke7 45. Rh8 f6+ 46. gxf6+ gxf6+ 47. Ke4 Kd6 48. Rf8 f5+ 49. Kf4 Rg7 50. Rd8+ Ke7 51. Ra8 Kf6 52. Rf8+ Rf7 53. Re8 Kg6 54. Ke5 Rf6 55. Rg8+ Kf7 56. Rh8 Rh6 57. Ra8 Rh1 58. Ra7+ Kg6 59. Kxe6 Re1+ 60. Kd5 f4 0-1


[Site "https://www.chess.com"]

[Event "Titled Tuesday Blitz August 08 Early 2023"]
[White "Iunusovnuriddin"]
[Black "Lakshmi C"]
[BlackFideId "25035347"]
[WhiteElo "2297"]
[BlackElo "2074"]
[Result "1-0"]
[Round "6"]
[TimeControl "180+1"]
[Date "2023.08.08"]
[WhiteClock "0:00:05"]
[BlackClock "0:00:00"]
[Board "226"]

1. e4 c5 2. c3 Nf6 3. e5 Nd5 4. d4 cxd4 5. Qxd4 e6 6. Nf3 d6 7. Bb5+ Bd7 8. Bxd7+ Qxd7 9. c4 Nc6 10. Qe4 Nb6 11. exd6 Bxd6 12. O-O Qe7 13. Rd1 O-O-O 14. Nc3 f5 15. Qe2 h6 16. Be3 f4 17. Bxb6 axb6 18. Re1 Rhe8 19. Na4 Bc7 20. Qe4 g5 21. Rad1 Rxd1 22. Rxd1 Qb4 23. b3 g4 24. Nd4 Nxd4 25. Rxd4 Kb8 26. Rd1 h5 27. Qe2 Qf8 28. f3 Qf5 29. Re1 e5 30. Qe4 Qg5 31. c5 b5 32. Nc3 Rg8 33. Nxb5 gxf3 34. Qxf3 Qh4 35. Rd1 Bd8 36. c6 1-0


[Site "https://www.chess.com"]

[Event "Titled Tuesday Blitz August 08 Early 2023"]
[White "Tosic, Srecko"]
[Black "Nikulina, Alena"]
[WhiteFideId "924563"]
[BlackFideId "4172051"]
[WhiteElo "2297"]
[BlackElo "2045"]
[Result "1-0"]
[Round "6"]
[TimeControl "180+1"]
[Date "2023.08.08"]
[WhiteClock "0:00:20"]
[BlackClock "0:00:00"]
[Board "227"]

1. e4 c5 2. Nf3 e6 3. d4 cxd4 4. Nxd4 Nf6 5. Nc3 Nc6 6. g3 Bb4 7. Bg2 d5 8. exd5 Nxd5 9. O-O O-O 10. Nxc6 bxc6 11. Bd2 Rb8 12. Re1 Be7 13. Na4 Bf6 14. Rb1 Qe7 15. a3 Rd8 16. Qe2 Bd7 17. b4 a5 18. c4 Nb6 19. Nc5 axb4 20. axb4 Be8 21. Bf4 Ra8 22. Red1 Rxd1+ 23. Rxd1 Rd8 24. Rxd8 Qxd8 25. Nb7 Qd4 26. Nd6 Bd7 27. Qe3 Qa1+ 28. Bf1 Na4 29. Qa7 e5 30. Qxd7 g6 31. Qxf7+ 1-0


[Site "https://www.chess.com"]

[Event "Titled Tuesday Blitz August 08 Early 2023"]
[White "Seifert, Henryk"]
[Black "LuxLinster"]
[WhiteFideId "1100963"]
[WhiteElo "2043"]
[BlackElo "2273"]
[Result "0-1"]
[Round "6"]
[TimeControl "180+1"]
[Date "2023.08.08"]
[WhiteClock "0:00:00"]
[BlackClock "0:00:05"]
[Board "228"]

1. e4 e5 2. Nf3 Nc6 3. Nc3 Nf6 4. Bb5 Nd4 5. Bc4 Bc5 6. O-O d6 7. h3 O-O 8. d3 h6 9. Nxd4 Bxd4 10. Ne2 Bb6 11. Ng3 Be6 12. Qf3 Nh7 13. Nf5 Qf6 14. g3 Kh8 15. Kg2 Rad8 16. Be3 c6 17. Bxb6 axb6 18. h4 d5 19. Bb3 Bxf5 20. Qxf5 Qxf5 21. exf5 Nf6 22. Rfe1 Rfe8 23. f3 Kg8 24. a4 Ra8 25. g4 Nh7 26. Re2 f6 27. Rae1 Kf8 28. Kg3 Rad8 29. c3 Kf7 30. c4 dxc4 31. Bxc4+ Kf8 32. b4 Rd4 33. Re4 Red8 34. a5 bxa5 35. bxa5 Rxe4 36. fxe4 Ra8 37. Rb1 Ke7 38. Rxb7+ Kd6 39. Rxg7 Nf8 40. Rf7 Nd7 41. Rh7 Rxa5 42. Rxh6 Ra1 43. Be6 Nc5 44. Rxf6 Ke7 45. g5 Nxd3 46. Rf7+ Ke8 47. g6 Nf4 48. h5 Nxh5+ 49. Kg4 Nf4 50. Kg5 Rg1+ 51. Kh4 Nxe6 52. fxe6 Rxg6 0-1


[Site "https://www.chess.com"]

[Event "Titled Tuesday Blitz August 08 Early 2023"]
[White "Samarth J Rao"]
[Black "abelmat"]
[WhiteFideId "46652370"]
[WhiteElo "2172"]
[BlackElo "1913"]
[Result "1-0"]
[Round "6"]
[TimeControl "180+1"]
[Date "2023.08.08"]
[WhiteClock "0:00:45"]
[BlackClock "0:00:01"]
[Board "229"]

1. d4 d5 2. Nf3 e6 3. Bg5 Nf6 4. Nbd2 Be7 5. Ne5 O-O 6. c3 b6 7. e3 Bb7 8. Bd3 c5 9. O-O Nc6 10. f4 Bd6 11. Rf3 Ne7 12. Rh3 Ne4 13. Qh5 h6 14. Bxh6 g6 15. Qg4 f5 16. Qh4 Bxe5 17. fxe5 g5 18. Bxg5 Nxg5 19. Qxg5+ Kf7 20. Qh5+ Ng6 21. Qh7+ Ke8 22. Qxg6+ Kd7 23. Rh7+ Kc8 24. Qxe6+ Kb8 25. Rd7 Qe8 26. Qd6+ Kc8 27. Qc7# 1-0


[Site "https://www.chess.com"]

[Event "Titled Tuesday Blitz August 08 Early 2023"]
[White "Caruana, Fabiano"]
[Black "Erigaisi Arjun"]
[WhiteFideId "2020009"]
[BlackFideId "35009192"]
[WhiteElo "3099"]
[BlackElo "3093"]
[Result "1/2-1/2"]
[Round "7"]
[TimeControl "180+1"]
[Date "2023.08.08"]
[WhiteClock "0:00:07"]
[BlackClock "0:00:40"]
[Board "1"]

1. c4 d6 2. Nc3 g6 3. g3 Bg7 4. Bg2 Nf6 5. Nf3 O-O 6. O-O e5 7. d3 Nc6 8. Rb1 a5 9. a3 h6 10. b4 axb4 11. axb4 Be6 12. Ne1 Qd7 13. b5 Nd8 14. Nc2 Bh3 15. e4 c6 16. Be3 Bxg2 17. Kxg2 d5 18. bxc6 bxc6 19. Bb6 Ne6 20. Nb4 Ng5 21. f3 Rfb8 22. Bg1 Qe6 23. cxd5 cxd5 24. Nbxd5 Nxd5 25. Rxb8+ Rxb8 26. Nxd5 Rb2+ 27. Rf2 Rb7 28. Rc2 Bf8 29. Be3 Qh3+ 30. Kg1 Ne6 31. Qf1 Qxf1+ 32. Kxf1 f5 33. h4 h5 34. exf5 gxf5 35. Nf6+ Kf7 36. Nxh5 Rb4 37. Kg2 Rb3 38. g4 fxg4 39. fxg4 Rxd3 40. Kf2 Nd4 41. Bxd4 Rxd4 42. Kf3 Ke6 43. Rc8 Be7 44. Ng7+ Kd7 45. Rh8 Rf4+ 46. Kg3 Bc5 47. Nf5 Bf2+ 48. Kh3 e4 49. Rh7+ Ke6 50. Re7+ Kf6 51. Re8 Rf3+ 52. Kg2 Rf4 53. Nd6 Bxh4 54. Rxe4 Rxe4 55. Nxe4+ Kg6 56. Nf2 Bxf2 57. Kxf2 Kg5 58. Kf1 Kg6 59. g5 Kxg5 1/2-1/2


[Site "https://www.chess.com"]

[Event "Titled Tuesday Blitz August 08 Early 2023"]
[White "Martinez Alcantara, Jose Eduardo"]
[Black "Fedoseev, Vladimir"]
[WhiteFideId "3805662"]
[BlackFideId "24130737"]
[WhiteElo "3028"]
[BlackElo "3092"]
[Result "1-0"]
[Round "7"]
[TimeControl "180+1"]
[Date "2023.08.08"]
[WhiteClock "0:00:03"]
[BlackClock "0:00:00"]
[Board "2"]

1. e4 e5 2. Nf3 Nf6 3. Nc3 Nc6 4. h3 Bb4 5. a3 Bxc3 6. dxc3 Nxe4 7. Nxe5 Nxe5 8. Qd4 O-O 9. Qxe4 d5 10. Qd4 Re8 11. Be3 b6 12. O-O-O Bb7 13. Bb5 c5 14. Qf4 Re6 15. Be2 Qe7 16. h4 Rd8 17. h5 h6 18. Qg3 Kh8 19. Rhe1 a6 20. Kb1 Re8 21. Rh1 f5 22. Bf4 Qf6 23. Bf3 Nxf3 24. gxf3 d4 25. cxd4 cxd4 26. Rhg1 Re2 27. Rd3 a5 28. Rgd1 Rc8 29. R3d2 d3 30. cxd3 Re7 31. d4 Bd5 32. Be5 Qc6 33. Rg1 Bxf3 34. Bxg7+ Kh7 35. Be5 Bg4 36. Ka1 Qd5 37. f4 Rg8 38. Rc2 Bxh5 39. Qh2 Rxg1+ 40. Qxg1 Qe6 41. d5 Qg6 42. Rg2 Bg4 43. d6 Rd7 44. Qxb6 Qe6 45. Qc6 h5 46. Rh2 Kg6 47. b3 Qxb3 48. Qxd7 Qxa3+ 49. Kb1 Qb3+ 50. Bb2 Qd3+ 51. Rc2 1-0


[Site "https://www.chess.com"]

[Event "Titled Tuesday Blitz August 08 Early 2023"]
[White "Aronian, Levon"]
[Black "Pranesh M"]
[WhiteFideId "13300474"]
[BlackFideId "35028600"]
[WhiteElo "3039"]
[BlackElo "3055"]
[Result "1-0"]
[Round "7"]
[TimeControl "180+1"]
[Date "2023.08.08"]
[WhiteClock "0:00:19"]
[BlackClock "0:01:04"]
[Board "3"]

1. e4 e5 2. Nf3 Nc6 3. Bb5 a6 4. Ba4 Nf6 5. d3 Bc5 6. c3 O-O 7. Bg5 h6 8. Bh4 b5 9. Bc2 Be7 10. Bg3 d6 11. Nbd2 Nh5 12. Nf1 g6 13. Ne3 Bf6 14. h3 Nxg3 15. fxg3 Bg7 16. g4 Ne7 17. O-O Bb7 18. Bb3 d5 19. Qc2 c5 20. exd5 Nxd5 21. Nxd5 Bxd5 22. Nd2 Rc8 23. Bxd5 Qxd5 24. Ne4 f5 25. gxf5 gxf5 26. Ng3 Qd7 27. Rf3 c4 28. Raf1 f4 29. Ne4 Rfd8 30. Nf2 Qf5 31. Qe2 cxd3 32. Rxd3 Rxd3 33. Nxd3 Re8 34. Rxf4 Qe6 35. Rg4 e4 36. Nf4 Qf7 37. Nh5 Qa7+ 38. Kh2 Re7 39. Nxg7 Qc7+ 40. Kh1 Rxg7 41. Qxe4 Qd6 42. Rxg7+ Kxg7 43. Qd4+ Qxd4 44. cxd4 Kf6 45. g4 Ke6 46. h4 Kf6 47. Kg2 Ke6 48. Kf3 Kd5 49. Ke3 b4 50. b3 a5 51. Kd3 Ke6 52. Ke4 Kf6 53. d5 h5 54. g5+ 1-0


[Site "https://www.chess.com"]

[Event "Titled Tuesday Blitz August 08 Early 2023"]
[White "Tabatabaei, M. Amin"]
[Black "Lazavik, Denis"]
[WhiteFideId "12521213"]
[BlackFideId "13515110"]
[WhiteElo "3020"]
[BlackElo "3048"]
[Result "1/2-1/2"]
[Round "7"]
[TimeControl "180+1"]
[Date "2023.08.08"]
[WhiteClock "0:00:42"]
[BlackClock "0:00:22"]
[Board "4"]

1. d4 Nf6 2. Nf3 d5 3. c3 c6 4. Qc2 Bg4 5. Ne5 Bh5 6. Qf5 Bg6 7. Qh3 Bxb1 8. Rxb1 Nbd7 9. Bf4 e6 10. e3 Nxe5 11. Bxe5 Bd6 12. f4 Bxe5 13. fxe5 Nd7 14. Bd3 Qe7 15. O-O f5 16. exf6 Nxf6 17. Rbe1 O-O 18. e4 dxe4 19. Bxe4 Nxe4 20. Rxe4 Rxf1+ 21. Kxf1 Rf8+ 22. Ke2 Rf6 23. Qg3 h6 24. Qb8+ Kh7 25. Qxa7 Qf7 26. Kd3 Rf2 27. Qb8 Rxg2 28. Qf4 Qxf4 29. Rxf4 Rxb2 30. Rf7 Kg6 31. Rc7 Rxa2 32. Rxb7 Rxh2 33. Rb6 Kf5 34. Rxc6 g5 35. Rc8 h5 36. Rf8+ Kg6 37. c4 h4 38. c5 Rh1 39. Kd2 Rh2+ 40. Kd3 Rh1 41. Kd2 Rh2+ 42. Kd3 1/2-1/2


[Site "https://www.chess.com"]

[Event "Titled Tuesday Blitz August 08 Early 2023"]
[White "Le, Tuan Minh"]
[Black "Grischuk, Alexander"]
[WhiteFideId "12401153"]
[BlackFideId "4126025"]
[WhiteElo "2977"]
[BlackElo "3041"]
[Result "1/2-1/2"]
[Round "7"]
[TimeControl "180+1"]
[Date "2023.08.08"]
[WhiteClock "0:00:04"]
[BlackClock "0:00:02"]
[Board "5"]

1. d4 Nf6 2. Nf3 d6 3. g3 Nbd7 4. Bg2 e5 5. O-O e4 6. Ng5 d5 7. c4 c6 8. cxd5 cxd5 9. Nc3 h6 10. Nh3 Bb4 11. Qb3 Bxc3 12. Qxc3 O-O 13. f3 Re8 14. Nf2 Nf8 15. Bf4 Ng6 16. Be3 Bf5 17. Rac1 Qe7 18. Rfe1 Rac8 19. Qd2 Rxc1 20. Qxc1 Rc8 21. Qd2 exf3 22. exf3 Rc2 23. Qd1 Qc7 24. Re2 Rxe2 25. Qxe2 Nf8 26. Qd2 Ne6 27. Bf1 a6 28. Nd3 Nd7 29. b3 Nb8 30. Nb4 Qd7 31. Qc3 a5 32. Nd3 Nc6 33. Nc5 Nxc5 34. Qxc5 g5 35. Kf2 Kg7 36. Bb5 Bb1 37. a3 Qh3 38. Kg1 Qe6 39. Qc3 Ne7 40. Bf2 b6 41. a4 Nf5 42. b4 Nd6 43. Bf1 g4 44. bxa5 bxa5 45. fxg4 Qxg4 46. Qxa5 Be4 47. Qc3 Qd1 48. a5 Nc4 49. Be1 Nxa5 50. Qd2 Qxd2 51. Bxd2 Nc4 52. Bc1 h5 53. Kf2 Kg6 54. Be2 f6 55. g4 hxg4 56. Bxg4 Bf5 57. Bf3 Be4 58. Be2 Nd6 59. h4 Nf5 60. h5+ Kg7 61. Be3 Nxe3 62. Kxe3 Kh6 63. Kf4 Bc2 64. Bf3 Bb1 65. Bxd5 Kxh5 66. Bf7+ Kh6 67. d5 Kg7 68. Bh5 Bd3 69. Ke3 Bb5 70. Kd4 f5 71. Kc5 Ba4 72. Kb4 Bd7 73. Kc5 Kf6 74. Kd6 Ba4 75. Kc7 f4 1/2-1/2


[Site "https://www.chess.com"]

[Event "Titled Tuesday Blitz August 08 Early 2023"]
[White "Carlsen, Magnus"]
[Black "Matlakov, Maxim"]
[WhiteFideId "1503014"]
[BlackFideId "4168003"]
[WhiteElo "3244"]
[BlackElo "2999"]
[Result "1/2-1/2"]
[Round "7"]
[TimeControl "180+1"]
[Date "2023.08.08"]
[WhiteClock "0:00:23"]
[BlackClock "0:00:10"]
[Board "6"]

1. Nf3 d5 2. e3 Nf6 3. c4 e6 4. b3 Bd6 5. Bb2 O-O 6. g4 Nxg4 7. Rg1 f5 8. Nc3 c6 9. cxd5 exd5 10. h3 Nf6 11. Qc2 Qe7 12. Bd3 Na6 13. a3 Nc5 14. Ne2 Nxd3+ 15. Qxd3 c5 16. Ng3 d4 17. O-O-O Ne4 18. exd4 Nxf2 19. Qc4+ Be6 20. d5 Nxd1 21. Nxf5 Bxf5 22. Rxg7+ Qxg7 23. Bxg7 Kxg7 24. Kxd1 Rae8 25. Ng5 Rf6 26. Qa4 Re7 27. Qxa7 h6 28. Ne6+ Bxe6 29. dxe6 Rfxe6 30. Qa4 Be5 31. Qg4+ Rg6 32. Qf5 Rg5 33. Qf3 Rf7 34. Qe4 Bf4 35. Kc2 Re5 36. Qg2+ Kh7 37. Qf3 Ref5 38. Qe4 Kg7 39. a4 Bg5 40. h4 Bf4 41. Qg2+ Kh7 42. Qe4 Kg7 43. Qg2+ Kf8 44. Qe4 Re5 45. Qd3 Ke8 46. Qg6 Ke7 47. Qg2 Kf8 48. a5 Rd7 49. d3 Red5 50. Qg4 Rd4 51. Qf5+ Kg7 52. h5 Bg5 53. Qg6+ Kf8 54. Qf5+ Ke8 55. Qe5+ Kd8 56. Qb8+ Ke7 57. Qe5+ Kf7 58. Qf5+ Kg7 59. Qg6+ Kh8 60. Qe8+ Kg7 61. Qg6+ 1/2-1/2


[Site "https://www.chess.com"]

[Event "Titled Tuesday Blitz August 08 Early 2023"]
[White "Pakleza, Zbigniew"]
[Black "Firouzja, Alireza"]
[WhiteFideId "1119290"]
[BlackFideId "12573981"]
[WhiteElo "2830"]
[BlackElo "3092"]
[Result "0-1"]
[Round "7"]
[TimeControl "180+1"]
[Date "2023.08.08"]
[WhiteClock "0:00:01"]
[BlackClock "0:00:03"]
[Board "7"]

1. d4 Nf6 2. Nf3 g6 3. Bf4 Bg7 4. e3 O-O 5. Be2 d6 6. O-O Nc6 7. h3 Nd7 8. c4 e5 9. Bh2 exd4 10. exd4 Re8 11. Nc3 Nb6 12. Re1 Qf6 13. d5 Na5 14. Rc1 Bd7 15. c5 dxc5 16. Bxc7 Nac4 17. Bxc4 Nxc4 18. Ne4 Qa6 19. Nxc5 Nxb2 20. Nxa6 Nxd1 21. Nc5 Rxe1+ 22. Nxe1 Nc3 23. Kh2 Bb5 24. Nxb7 Nxd5 25. Bg3 Nc3 26. a3 a6 27. Nf3 Ne2 28. Rc7 Nxg3 29. fxg3 Bf8 30. Ne5 Bxa3 31. Nxf7 Bf8 32. Nbd6 Be8 33. Nxe8 Rxe8 34. Ng5 Ra8 35. Nxh7 Bg7 36. Ng5 a5 37. Ne6 Bf6 38. Rc2 a4 39. Ra2 Kf7 40. Nf4 a3 41. h4 Bb2 42. Kh3 Kf6 43. Kg4 Rd8 44. Kf3 Ke5 45. Nxg6+ Kd5 46. h5 Kc4 47. Kg4 Kb3 48. Rxa3+ Kxa3 49. Kf5 Kb4 50. g4 Kc5 51. g5 Kd6 52. h6 Kd7 53. h7 Ba1 54. g3 Bb2 55. Kg4 Ke6 56. Kh5 Kf7 57. Kh6 Bg7+ 58. Kh5 Ra8 59. g4 Rb8 60. Kh4 Kxg6 0-1


[Site "https://www.chess.com"]